Map: 2000 Atmospheres LE

Players

ziGGy

  • Race: Terran Terran

Lilbow - Winner!

  • Race: Protoss Protoss

Event: DreamHack SC2 Masters 2021 Fall

VOD

Have the link to the VOD?

Description

Time

  • Played on: Aug. 4, 2021, 10:51 a.m.
  • Length: 9:50

All games in this series

Show
View Real Time Build Order
Export as new Build Order

ziGGy Terran 

Build Orders:  

Get SALT Encoding   

  12  0:00  SCV  
  13  0:12  SCV  
  14  0:17  Supply Depot  
  14  0:24  SCV  
  15  0:38  SCV  
  15  0:39  Barracks  
  16  0:43  Refinery  
  16  0:50  SCV  
  17  1:02  SCV  
  18  1:15  SCV  
  19  1:26  Marine  
  19  1:27  Orbital Command  
  20  1:43  Command Center  
  20  1:47  Barracks Reactor  
  20  1:53  SCV  
  21  1:58  Supply Depot  
  21  2:05  SCV  
  22  2:11  Factory  
  22  2:19  Bunker  
  22  2:20  SCV  
  23  2:24  Marine  
  23  2:26  Marine  
  25  2:30  Refinery  
  25  2:34  SCV  
  26  2:42  Marine  
  27  2:44  Marine  
  27  2:46  SCV  
  29  2:54  Widow Mine  
  29  2:56  Orbital Command  
  31  2:59  SCV  
  32  3:07  Starport  
  32  3:12  SCV  
  33  3:14  Marine x2  
  33  3:16  Factory Tech Lab  
  35  3:22  SCV  
  35  3:24  SCV  
  37  3:31  Supply Depot  
  37  3:35  Siege Tank  
  37  3:36  Marine x2  
  37  3:41  SCV x2  
  44  3:44  Medivac  
  46  3:49  Supply Depot  
  46  3:53  SCV x2  
  48  3:56  Marine x2  
  50  4:05  SCV x2  
  52  4:12  Siege Tank  
  52  4:13  Marine x2  
  57  4:17  SCV  
  57  4:20  SCV  
  57  4:22  Supply Depot  
  59  4:27  Liberator  
  62  4:39  Marine  
  62  4:40  Marine  
  60  4:45  Bunker  
  60  4:46  Bunker, SCV  
  60  4:51  Bunker  
  61  4:55  Siege Tank  
  61  4:57  Marine  
  61  4:58  Marine  
  61  5:00  SCV  
  61  5:05  SCV  
  59  5:13  SCV  
  56  5:14  Marine  
  56  5:16  Marine  
  56  5:17  SCV  
  56  5:22  Barracks  
  56  5:23  Barracks, Liberator  
  56  5:27  SCV  
  56  5:32  Marine  
  56  5:34  Refinery, SCV, Command Center  
  58  5:39  Marine, SCV  
  58  5:42  Siege Tank  
  63  5:46  SCV  
  64  5:50  Marine  
  64  5:52  SCV  
  64  5:55  Engineering Bay  
  65  5:57  Refinery, Marine  
  65  5:58  SCV  
  65  6:02  Supply Depot x2  
  66  6:04  SCV  
  66  6:08  Marine  
  66  6:10  SCV  
  61  6:12  Barracks Tech Lab x2  
  61  6:15  Marine  
  61  6:16  SCV  
  61  6:17  Siege Tank  
  64  6:22  SCV  
  62  6:25  Supply Depot  
  62  6:26  Marine  
  62  6:28  SCV  
  62  6:32  Stimpack  
  64  6:33  Marine  
  64  6:34  Marine x2  
  64  6:36  SCV  
  67  6:42  SCV  
  67  6:43  Marine  
  67  6:45  Bunker  
  67  6:46  Orbital Command  
  68  6:48  SCV, Starport Reactor  
  68  6:51  Marine, Siege Tank  
  68  6:52  Marine  
  74  6:55  SCV  
  74  6:58  Supply Depot  
  74  7:00  Marine, SCV, Combat Shield  
  77  7:01  Marine  
  77  7:02  Terran Infantry Weapons Level 1  
  77  7:03  Orbital Command  
  77  7:07  SCV  
  79  7:08  Marine  
  79  7:10  Marine  
  79  7:13  SCV  
  82  7:18  Marine, Missile Turret  
  82  7:19  Marine, SCV, Missile Turret  
  85  7:25  SCV  
  85  7:26  Marine, Medivac  
  85  7:27  Medivac  
  85  7:29  SCV  
  92  7:31  SCV  
  92  7:33  Refinery, Missile Turret  
  92  7:36  Refinery  
  94  7:37  SCV  
  94  7:38  Factory Reactor  
  94  7:39  Supply Depot  
  94  7:41  Marauder x2  
  94  7:42  SCV  
  94  7:43  Marine  
  100  7:44  Marine  
  100  7:46  SCV  
  100  7:49  SCV  
  103  7:53  Supply Depot  
  103  7:54  SCV, Supply Depot  
  103  7:56  Medivac x2  
  108  7:58  SCV  
  108  8:03  Marine x2, SCV  
  108  8:04  Marauder x2  
  116  8:06  SCV  
  116  8:08  Barracks  
  116  8:09  Barracks  
  116  8:11  Armory  
  117  8:14  SCV, Engineering Bay  
  117  8:19  Sensor Tower  
  118  8:21  SCV  
  118  8:25  Marauder  
  121  8:28  Widow Mine x2, Medivac  
  121  8:29  Medivac  
  121  8:33  SCV  
  130  8:38  Marine x2, Marauder  
  134  8:47  Marauder  
  109  8:49  Widow Mine x2  
  109  8:50  SCV  
  82  8:55  Marine  
  82  8:56  Marine  
  82  8:57  Marine, Marauder  
  82  8:59  Marauder  
  83  9:06  SCV x2  
  83  9:08  Marine  
  83  9:13  Marine  
  76  9:18  SCV, Orbital Command  
  76  9:19  Marine, Marauder  
  76  9:20  Marauder  
  76  9:21  SCV  
  69  9:25  Marine  
  69  9:26  Marauder  
  69  9:30  SCV  
  67  9:33  SCV  
Show
View Real Time Build Order
Export as new Build Order

Lilbow Protoss - Winner!

Build Orders: 1 Gate Expand, Blink Stalkers 

Get SALT Encoding   

  12  0:00  Probe  
  13  0:12  Probe  
  14  0:17  Pylon  
  14  0:24  Probe (Chrono Boost)  
  15  0:36  Gateway, Probe (Chrono Boost)  
  16  0:44  Probe (Chrono Boost)  
  16  0:47  Assimilator  
  17  0:51  Probe  
  18  1:03  Probe  
  19  1:15  Probe  
  20  1:23  Cybernetics Core  
  20  1:33  Nexus  
  20  1:35  Probe  
  21  1:41  Pylon  
  21  1:48  Assimilator  
  21  1:49  Probe  
  22  1:56  Adept (Chrono Boost)  
  22  2:00  Warp Gate (Chrono Boost)  
  25  2:01  Probe  
  25  2:13  Probe  
  26  2:19  Stalker  
  28  2:25  Probe (Chrono Boost)  
  29  2:36  Twilight Council  
  30  2:37  Probe (Chrono Boost)  
  30  2:46  Probe (Chrono Boost)  
  30  2:47  Gateway, Probe (Chrono Boost)  
  32  2:54  Probe (Chrono Boost)  
  32  2:56  Probe (Chrono Boost)  
  34  2:59  Probe (Chrono Boost)  
  34  3:02  Robotics Facility  
  34  3:04  Probe  
  36  3:11  Probe  
  37  3:16  Probe  
  37  3:18  Blink (Chrono Boost)  
  38  3:23  Probe  
  39  3:27  Assimilator  
  39  3:28  Probe  
  39  3:30  Pylon  
  40  3:36  Probe  
  40  3:41  Stalker x2, Probe  
  47  3:48  Probe  
  47  3:52  Pylon  
  47  3:53  Observer (Chrono Boost), Probe  
  49  4:00  Probe  
  50  4:06  Stalker  
  50  4:07  Stalker  
  54  4:10  Probe  
  54  4:12  Probe  
  54  4:16  Assimilator  
  56  4:23  Nexus  
  56  4:25  Pylon  
  56  4:30  Stalker  
  58  4:32  Stalker  
  58  4:33  Probe  
  58  4:36  Probe  
  62  4:40  Shield Battery  
  60  4:52  Immortal (Chrono Boost)  
  60  4:54  Stalker  
  60  4:58  Stalker, Probe  
  61  5:08  Probe  
  62  5:18  Gateway  
  62  5:19  Gateway  
  62  5:21  Stalker  
  64  5:24  Probe (Chrono Boost)  
  64  5:29  Forge, Probe (Chrono Boost), Robotics Bay  
  65  5:36  Charge, Probe (Chrono Boost)  
  65  5:41  Probe (Chrono Boost)  
  65  5:42  Probe (Chrono Boost)  
  67  5:43  Shield Battery, Probe (Chrono Boost)  
  67  5:44  Stalker  
  67  5:45  Stalker  
  67  5:48  Probe  
  73  5:53  Probe  
  72  6:00  Gateway  
  72  6:01  Gateway  
  72  6:07  Probe  
  72  6:11  Stalker x2, Probe  
  71  6:12  Probe  
  71  6:13  Colossus (Chrono Boost)  
  81  6:24  Zealot  
  83  6:29  Probe x2  
  83  6:32  Protoss Ground Weapons Level 1  
  85  6:53  Pylon  
  84  6:56  Pylon  
  84  6:58  Pylon, Probe  
  85  7:02  Photon Cannon  
  85  7:05  Pylon  
  85  7:08  Colossus (Chrono Boost), Gateway  
  85  7:09  Gateway  
  91  7:16  Zealot x5  
  101  7:24  Observer  
  101  7:26  Gateway  
  101  7:27  Gateway  
  101  7:31  Extended Thermal Lance  
  101  7:32  Templar Archives  
  101  7:33  Gateway  
  101  7:40  Zealot x3  
  101  7:41  Gateway  
  107  7:47  Warp Prism (Chrono Boost)  
  109  7:51  Zealot x3  
  115  8:02  Pylon  
  115  8:03  Pylon  
  115  8:05  Gateway  
  115  8:06  Pylon  
  115  8:07  Pylon  
  115  8:10  Zealot  
  117  8:22  Zealot x2  
  117  8:23  Zealot x7  
  135  8:33  Zealot  
  135  8:34  Zealot  
  124  8:43  Stalker  
  124  8:44  Stalker x3  
  109  8:59  Zealot  
  109  9:00  Zealot  
  109  9:13  Pylon  
  109  9:15  Pylon  
  99  9:22  High Templar x4  
  99  9:24  Nexus  
  95  9:27  Archon  
  95  9:28  Archon  
  95  9:30  High Templar x3  
  95  9:31  High Templar  
  103  9:34  Archon  
  103  9:35  Archon  
  101  9:45  Zealot x3  

Tags
 
Add a new tag
Caveats
  • Supply blocks, unpowered buildings, or Contaminate may cause inaccurate times.
  • Supply counts are checked every 10 seconds.